 Dungeon Crawl Stone Soup version 0.13-a0-2700-g8dc4729 (webtiles) character file.

323 4tharraofdagon the Covered (level 5, 12/41 HPs)
             Began as a Djinni Fighter on Aug 15, 2013.
             Was a Follower of Makhleb.
             Quit the game on Level 5 of the Dungeon.
             The game lasted 00:04:27 (906 turns).

4tharraofdagon the Covered (Djinni Fighter)          Turns: 906, Time: 00:04:27

HP  12/41        AC  7     Str 22      XL: 5   Next: 85%
MP   0/0         EV  6     Int  8      God: Makhleb [*.....]
Gold 76          SH 19     Dex 13      Spells:  0 memorised,  4 levels left

Res.Fire  : + + +   See Invis. : .   o - +1 orc flail
Res.Cold  : x . .   Warding    : .   b - +0 scale mail (curse)
Life Prot.: + + +   Conserve   : .   c - +0 shield
Res.Poison: .       Res.Corr.  : .   (no helmet)
Res.Elec. : .       Clarity    : .   (no cloak)
Sust.Abil.: . .     Spirit.Shd : .   (no gloves)
Res.Mut.  : .       Stasis     : .   (boots unavailable)
Res.Rott. : .       Flight     : .   (no amulet)
Saprovore : . . .                    (no ring)
                                     d - +5 ring of strength

@: quite poisoned, slightly resistant to hostile enchantments, extremely
unstealthy
A: fire immunity, cold vulnerability, life protection 3
a: Renounce Religion


You were on level 5 of the Dungeon.
You worshipped Makhleb.
Makhleb was pleased with you.
You were not hungry.

You visited 2 branches of the dungeon, and saw 6 of its levels.

You collected 56 gold pieces.

Inventory:

Hand weapons
 a - a +0,+0 mace
 f - a -1,+0 orcish flail
 i - a +0,+0 flail
 k - a -3,-2 falchion
 l - a +1,+2 sabre of speed
 o - a +1,+1 orcish flail (weapon)
Armour
 b - a cursed +0 scale mail (worn)
 c - a +0 shield (worn)
Scrolls
 e - a scroll of enchant armour
 g - a scroll of remove curse
Jewellery
 d - a +5 ring of strength (left hand)


   Skills:
 + Level 3.9 Fighting
 * Level 4.4 Maces & Flails
 + Level 4.6 Armour
 - Level 3.0 Shields


You had 4 spell levels left.
You didn't know any spells.

Dungeon Overview and Level Annotations

Branches:
Dungeon (5/27)             Temple (1/1) D:4

Altars:
Makhleb
Trog
Vehumet

Annotations
D:5 Grinder


Innate Abilities, Weirdness & Mutations

You are immune to all types of fire, even holy and hellish.
You are vulnerable to cold.
You need no food.
You have no legs.
You are immune to negative energy.


Message History

The orc wizard hits you with an orcish dagger of venom.
You are more poisoned.
Read which item? (? for menu, Esc to quit)
As you read the scroll labeled CROCZU FINYHUF, it crumbles to dust.
Use on which item? (\ to view known items) (? for menu, Esc to quit)
e - a scroll of enchant armour It was a scroll of identify.
You feel sick.
Grinder gestures.
Grinder blinks!
The orc wizard gestures at you while chanting.
You block the puff of flame.
The orc wizard hits you but does no damage.
* * * LOW HITPOINT WARNING * * *
You feel sick.
The orc wizard gestures wildly while chanting.
The orc wizard flickers and vanishes!
Deactivating autopickup; reactivate with Ctrl-A.
Unknown command.
You aren't carrying any items that can be evoked.
Are you sure you want to abandon this character and quit the game? (Confirm with "yes".)

#.......... ......
#........... #....
............# #....
............## ...
....ยง.....o... ...
............# #o#
......$..>.# #o#
...........#######.#
...............o@).#
...........#########
.......#####
.......# ########


You could see an orc wizard.

Vanquished Creatures
  An orc priest (D:5)
  3 worker ants
  2 orc wizards
  An iguana (D:4)
  3 adders
  3 giant geckos
  4 orcs
  2 ball pythons
  4 bats
  4 goblins
  3 hobgoblins
  A quokka (D:3)
  A ball python skeleton (D:5)
  A giant cockroach (D:4)
  4 giant newts (D:4)
  2 hobgoblin skeletons (D:4)
  An orc skeleton (D:4)
  4 rats
44 creatures vanquished.

Notes
Turn   | Place    | Note
--------------------------------------------------------------
     0 | D:1      | 4tharraofdagon, the Djinni Fighter, began the quest for the Orb.
     0 | D:1      | Reached XP level 1. HP: 16/16 MP: 0/0
   129 | D:3      | Reached XP level 2. EP: 19/22
   356 | D:4      | Reached XP level 3. EP: 27/29
   390 | D:4      | Found a staircase to the Ecumenical Temple.
   396 | Temple   | Entered the Ecumenical Temple
   404 | Temple   | Became a worshipper of Makhleb the Destroyer
   560 | D:4      | Noticed a moth of wrath
   574 | D:4      | Found a bloodstained altar of Trog.
   611 | D:4      | Acquired Makhleb's first power
   656 | D:4      | Reached XP level 4. EP: 33/35
   681 | D:4      | Reached skill level 4 in Armour
   766 | D:4      | Reached XP level 5. EP: 35/41
   794 | D:5      | Entered Level 5 of the Dungeon
   868 | D:5      | Noticed Grinder
   906 | D:5      | Quit the game

Action                   |  1- 3 |  4- 6 || total
-------------------------+-------+-------++-------
Melee: Mace              |    92 |    32 ||   124
       Flail             |       |    36 ||    36
  Use: Scroll            |     2 |     4 ||     6
       Potion            |       |     2 ||     2
